 Dungeon Crawl Stone Soup version 0.31-a0-692-gf03d1854d5 (webtiles) character file.

Game seed: 12321834910190808150

797 qw the Skirmisher (level 7, 0/44 HPs)
             Began as a Gargoyle Hunter on Sept 6, 2023.
             Slain by an unseen horror (2 damage)
             ... on level 4 of the Dungeon.
             The game lasted 00:01:46 (3931 turns).

qw the Skirmisher (Gargoyle Hunter)                 Turns: 3931, Time: 00:01:46

Health: 0/44       AC: 12    Str: 14    XL:     7   Next: 89%
Magic:  7/7        EV: 11    Int: 10    God:
Gold:   187        SH:  0    Dex: 15    Spells: 6/6 levels left

rFire   + . .        Y - +0 shortbow (flame)
rCold   . . .        (shield currently unavailable)
rNeg    + . .        f - +1 ring mail {rF+}
rPois   inf          (no helmet)
rElec   +            (no cloak)
rCorr   .            (no gloves)
SInv    .            c - +0 pair of boots
Will    .....        (no amulet)
Stlth   +            (no ring)
HPRegen 0.27/turn    (no ring)
MPRegen 0.10/turn

%: no passive effects
@: no status effects
A: sickness immunity, AC +4, negative energy resistance 1, electricity
resistance, torment resistance 1, petrification resistance
a: no special abilities


You were on level 4 of the Dungeon.
You visited 1 branch of the dungeon, and saw 5 of its levels.

You collected 187 gold pieces.


Innate Abilities, Weirdness & Mutations

You are immune to sickness and miasma.
Your stone body is resilient. (AC +4)
You are immune to poison.
You resist negative energy. (rN+)
You are resistant to electric shocks. (rElec)
You are resistant to unholy torment.
You are immune to petrification.


   Skills:
 - Level 5.1 Fighting
 - Level 8.0 Ranged Weapons
 - Level 2.0 Armour
 + Level 1.9 Dodging
 - Level 1.1 Stealth


You had 6 spell levels left.
You didn't know any spells.
Your spell library was empty.

Inventory:

Hand Weapons
 Y - a +0 shortbow of flaming (weapon)
Armour
 c - a +0 pair of boots (worn)
 f - a +1 ring mail of fire resistance (worn)
 l - a +2 leather armour of willpower
Scrolls
 a - 5 scrolls of identify
Potions
 d - 2 potions of might
 i - 2 potions of haste

Dungeon Overview and Level Annotations

Branches:
Dungeon (5/15)
 Temple: D:4-7

Altars:
Dithmenos
Sif Muna
Uskayaw

Shops:
D:2 :   D:3 =

Annotations:
D:3 3 runed translucent doors, Crazy Yiuf; qw's ghost, amateur GrHu


Message History

Something hits you but does no damage.
Deactivating autopickup; reactivate with Ctrl-A.
Autopickup is now on.
You start resting.
Something hits you but does no damage.
Deactivating autopickup; reactivate with Ctrl-A.
Autopickup is now on.
You start resting.
Something hits you!
Deactivating autopickup; reactivate with Ctrl-A.
You shoot an arrow. Something hits you.
You shoot an arrow. You shoot an arrow. Something hits you!
Something hits you but does no damage.
You shoot an arrow.
Something hits you but does no damage. x2
You shoot an arrow. Something hits you but does no damage.
You shoot an arrow. Something hits you but does no damage.
You shoot an arrow. Something hits you but does no damage.
You shoot an arrow. Something hits you but does no damage.
You shoot an arrow. Something hits you. x2
You shoot an arrow. Something completely misses you.
Something hits you but does no damage.
You shoot an arrow. Something hits you but does no damage. Something hits you.
You shoot an arrow. Something hits you.
You shoot an arrow. Something hits you but does no damage.
You shoot an arrow. Something hits you but does no damage.
You shoot an arrow. Something hits you. x2
You die...

#...# #.......## #... #...#
#.##.##.# ###. ###...###
#.##.##.####### #. #.......#
#.##..........#####.
#.##.##.####.#####.##..........
###.##.........#####.##....######
....#####.####.....).#####.#
....#####.####.#####.#####.#
..........##....@# #.......#
....####..##.#.#.# #########
...## #..##.#.#.# ##.#
#....%..#.# #.# #..##.#.#.#
#.#####..##.#.#.#
#.....[..#......####
##......)#.#.......#
#.......#.#..####.#


There were no monsters in sight!

Vanquished Creatures
  Sigmund (D:3)
  Duvessa (D:5)
  A scorpion (D:5)
  Dowan (D:5)
  An orc priest (D:4)
  A gnoll bouda (D:5)
  Jessica (D:2)
  Ijyb (D:3)
  2 orc wizards
  Natasha (thrice) (D:3)
  Terence (D:2)
  4 gnolls (D:5)
  3 adders
  A worm (D:3)
  2 dart slugs
  10 orcs
  4 bats (D:2)
  6 endoplasms
  2 giant cockroaches
  5 goblins
  8 hobgoblins
  7 jackals
  5 kobolds
  3 quokkas
  12 ball pythons
  5 frilled lizards
  14 rats
105 creatures vanquished.

Notes
Turn   | Place    | Note
-------+----------+-------------------------------------------
     0 | D:1      | qw the Gargoyle Hunter began the quest for the Orb.
     0 | D:1      | Reached XP level 1. HP: 12/12 MP: 1/1
     0 | D:1      | 0 ||| qw: Version: 0.3-a-76-g4403597
     0 | D:1      | 0 ||| qw: Game counter: 358
     0 | D:1      | 0 ||| qw: Melee chars always use a shield: true
     0 | D:1      | 0 ||| qw: God list: Okawaru
     0 | D:1      | 0 ||| qw: Allow faded altars: false
     0 | D:1      | 0 ||| qw: Do Orc after clearing Dungeon:15 true
     0 | D:1      | 0 ||| qw: Do second Lair branch before Depths: true
     0 | D:1      | 0 ||| qw: Lair rune preference: random
     0 | D:1      | 0 ||| qw: Goals: Normal
     0 | D:1      | 0 ||| PLANNING D:1-11
   122 | D:1      | Reached XP level 2. HP: 17/17 MP: 2/2
   518 | D:1      | Found a faded altar of an unknown god.
   558 | D:1      | 558 ||| UPGRADING to +1 ring mail of fire resistance.
   568 | D:1      | 568 ||| DROPPING +0 leather armour.
   569 | D:1      | 569 ||| READING 3 scrolls labelled UKENKI RYICUE.
   570 | D:1      | 570 ||| READING scroll labelled WUMEIM AFEOSTI.
   573 | D:1      | 573 ||| READING scroll labelled SISUAH IGIO.
   585 | D:1      | 585 ||| DRINKING 2 red potions.
   586 | D:1      | 586 ||| READING 2 scrolls of identify.
   586 | D:1      | 586 ||| IDENTIFYING bubbling golden potion
   587 | D:1      | 587 ||| DROPPING scroll of butterflies.
   676 | D:2      | Reached skill level 1 in Armour
   676 | D:2      | Reached XP level 3. HP: 21/21 MP: 3/3
   696 | D:2      | Noticed Jessica
   710 | D:2      | Killed Jessica
   711 | D:2      | Reached skill level 5 in Ranged Weapons
   711 | D:2      | Reached XP level 4. HP: 26/26 MP: 4/4
   846 | D:2      | Noticed Terence
   854 | D:2      | Killed Terence
   855 | D:2      | Reached skill level 3 in Fighting
   948 | D:2      | Found Daemoqou's Book Shoppe.
  1041 | D:2      | 1041 ||| UPGRADING to +0 pair of boots.
  1047 | D:2      | 1047 ||| READING scroll labelled ILAESS XUUWK.
  1048 | D:2      | 1048 ||| READING scroll labelled DAWAEM XEOMIEHA.
  1377 | D:2      | 1377 ||| READING scroll labelled NUG LAULOXI.
  1378 | D:2      | 1378 ||| DRINKING 2 black potions.
  1379 | D:2      | 1379 ||| DRINKING potion of curing.
  1379 | D:2      | 1379 ||| (to cure confusion)
  1380 | D:2      | 1380 ||| READING 2 scrolls of identify.
  1380 | D:2      | 1380 ||| IDENTIFYING metallic amethyst potion
  1381 | D:2      | 1381 ||| DROPPING potion of ambrosia.
  1430 | D:3      | Identified the +1 ring mail of Mysticism {Stlth+}
  1479 | D:3      | Found a runed translucent door.
  1479 | D:3      | Noticed qw's ghost (amateur GrHu)
  1482 | D:3      | Noticed a bullfrog
  1488 | D:3      | Reached XP level 5. HP: 32/32 MP: 5/5
  1587 | D:3      | Found Zarymnac's Jewellery Shop.
  1595 | D:3      | 1595 ||| SHOPLISTING +4 ring of protection (504 gold, have
                  | 94).
  1595 | D:3      | 1595 ||| SHOPLISTING amulet of regeneration (420 gold, have
                  | 94).
  1595 | D:3      | 1595 ||| SHOPLISTING ring of resist corrosion (280 gold,
                  | have 94).
  1661 | D:3      | Noticed Natasha
  1675 | D:3      | Killed Natasha
  1970 | D:3      | Found a runed translucent door.
  1971 | D:3      | Noticed Crazy Yiuf
  2006 | D:3      | Noticed Natasha
  2012 | D:3      | Killed Natasha
  2013 | D:3      | Reached skill level 6 in Ranged Weapons
  2059 | D:3      | Noticed Sigmund
  2062 | D:3      | Noticed Ijyb
  2077 | D:3      | Killed Sigmund
  2078 | D:3      | Reached XP level 6. HP: 40/40 MP: 6/6
  2088 | D:3      | Killed Ijyb
  2199 | D:3      | Found a shimmering blue altar of Sif Muna.
  2392 | D:3      | Found a runed translucent door.
  2409 | D:3      | 2409 ||| DROPPING +1 ring mail of Mysticism {Stlth+}.
  2410 | D:3      | 2410 ||| READING scroll labelled LISAER HAIST.
  2411 | D:3      | 2411 ||| READING scroll labelled UMNURU SITEMIE.
  2412 | D:3      | 2412 ||| READING 3 scrolls labelled MAYJ POTZA.
  2413 | D:3      | 2413 ||| READING scroll labelled ENEMAD RADOSCH.
  2415 | D:3      | Noticed Natasha
  2417 | D:3      | Killed Natasha
  2479 | D:3      | 2479 ||| DRINKING 2 fizzy silvery potions.
  2588 | D:3      | 2588 ||| DROPPING 2 scrolls of noise.
  2589 | D:3      | 2589 ||| DROPPING potion of berserk rage.
  2625 | D:4      | Reached XP level 7. HP: 44/44 MP: 7/7
  2666 | D:4      | Found a shadowy altar of Dithmenos.
  2938 | D:4      | Reached skill level 7 in Ranged Weapons
  3134 | D:4      | Identified the +5 short sword of the Radish {drain, rPois
                  | rC+ Int-4 Dex+5}
  3276 | D:4      | 3276 ||| DROPPING amulet of magic regeneration.
  3277 | D:4      | 3277 ||| DROPPING ring of wizardry.
  3323 | D:5      | Entered Level 5 of the Dungeon
  3448 | D:5      | Noticed Duvessa
  3448 | D:5      | Noticed Dowan
  3461 | D:5      | Killed Duvessa
  3469 | D:5      | Killed Dowan
  3470 | D:5      | Reached skill level 8 in Ranged Weapons
  3571 | D:5      | Found a hide-covered altar of Uskayaw.
  3631 | D:5      | 3631 ||| Stepping ~*~*~tactically~*~*~ (outnumbered).
  3632 | D:5      | 3632 ||| Stepping ~*~*~tactically~*~*~ (outnumbered).
  3634 | D:5      | 3634 ||| Stepping ~*~*~tactically~*~*~ (outnumbered).
  3638 | D:5      | 3638 ||| Stepping ~*~*~tactically~*~*~ (outnumbered).
  3649 | D:5      | 3649 ||| FLEEEEING.
  3650 | D:5      | 3650 ||| FLEEEEING.
  3651 | D:5      | 3651 ||| FLEEEEING.
  3652 | D:5      | 3652 ||| FLEEEEING.
  3653 | D:5      | 3653 ||| FLEEEEING.
  3654 | D:5      | 3654 ||| FLEEEEING.
  3655 | D:5      | 3655 ||| FLEEEEING.
  3656 | D:5      | 3656 ||| FLEEEEING.
  3657 | D:5      | 3657 ||| FLEEEEING.
  3782 | D:5      | 3782 ||| READING 6 scrolls of identify.
  3782 | D:5      | 3782 ||| IDENTIFYING ruby potion
  3783 | D:5      | 3783 ||| Stepping randomly (disturbance).
  3798 | D:5      | 3798 ||| FLEEEEING.
  3799 | D:5      | 3799 ||| FLEEEEING.
  3800 | D:5      | 3800 ||| FLEEEEING.
  3806 | D:5      | 3806 ||| FLEEEEING.
  3807 | D:5      | 3807 ||| FLEEEEING.
  3808 | D:5      | 3808 ||| FLEEEEING.
  3809 | D:5      | 3809 ||| FLEEEEING.
  3810 | D:5      | 3810 ||| FLEEEEING.
  3814 | D:5      | 3814 ||| STAIRDANCE
  3906 | D:4      | 3906 ||| DROPPING potion of degeneration.
  3910 | D:5      | 3910 ||| STAIRDANCE
  3925 | D:4      | HP: 9/44 [something (4)]
  3928 | D:4      | HP: 4/44 [something (4)]
  3931 | D:4      | Slain by an unseen horror

Levels and vault maps discovered:
D:1:      shiori_arrival_maze, layout_rooms,
          hellmonk_ecumenical_altar_pennies_from_heaven, minmay_rat_gold_closets
D:2:      minmay_inner_zag, layout_basic, serial_shops,
          nicolae_shop_tiny_statue_garden, st_stairs_3, uniq_terence,
          uniq_jessica
D:3:      layout_loops_corners, kennysheep_orc_sif_temple, serial_shops, shop,
          ebering_ghost_sewer_f, minmay_fractal_squares_5,
          uniq_crazy_yiuf_cottage, uniq_natasha, uniq_ijyb, uniq_sigmund
D:4:      layout_loops_cross, lemuel_coloured_pillars_altar
D:5:      layout_rooms, mainiacjoe_overflow_tiny_flanked, kennysheep_mini,
          serial_bayou_pond_a, minmay_misc_feat_roman, uniq_edmund,
          uniq_duvessa, uniq_menkaure

Skill      XL: |  1  2  3  4  5  6  7 |
---------------+----------------------+-----
Armour         | 1 2 |  2.0
Ranged Weapons | 5 6 8 |  8.0
Fighting       | 3 5 |  5.1
Dodging        | |  1.9
Stealth        | |  1.1

Action                     |  1- 3 |  4- 6 |  7- 9 || total
---------------------------+-------+-------+-------++-------
   Fire: Shortbow          |   109 |   166 |   128 ||   403
    Use: Scroll            |     4 |     8 |     1 ||    13
         Potion            |     1 |     3 |       ||     4
 Armour: Leather armour    |    31 |       |       ||    31
         Ring mail         |     7 |    69 |   123 ||   199
         Skin              |       |    22 |       ||    22
  Dodge: Dodged            |    42 |    52 |    46 ||   140

Table legend:
 A = Non-vault XP
 B = Vault XP
 C = Vault XP percentage of total XP
 D = Non-vault monster count
 E = Vault monster count
 F = Vault count percentage of total count
                 A         B        C        D         E       F
            +---------+---------+-------+---------+---------+-------
      Total |     480 |     659 |  57.9 |      72 |      33 |  31.4
            +---------+---------+-------+---------+---------+-------
        D:1 |      18 |      13 |  41.9 |      11 |      12 |  52.2
        D:2 |      45 |      83 |  64.8 |      22 |       9 |  29.0
        D:3 |      91 |     352 |  79.5 |      11 |      10 |  47.6
        D:4 |     109 |       0 |   0.0 |      16 |       0 |   0.0
        D:5 |     217 |     211 |  49.3 |      12 |       2 |  14.3
            +---------+---------+-------+---------+---------+-------
